 Dungeon Crawl Stone Soup version 0.28-a0-861-ge64d6db94f (webtiles) character file.

Game seed: 5597387787432106628

0 meatgazer the Skirmisher (level 1, -25/18 HPs)
             Began as a Demonspawn Abyssal Knight on Nov 15, 2021.
             Was a Follower of Lugonu.
             Annihilated by a large abomination (37 damage)
             ... on level 5 of the Abyss.
             The game lasted 00:00:44 (119 turns).

meatgazer the Skirmisher (Demonspawn Abyssal Knight) Turns: 119, Time: 00:00:45

Health: -25/18     AC:  3    Str: 13      XL:     1   Next: 0%
Magic:  2/2        EV: 11    Int:  7 (11) God:    Lugonu [*.....]
Gold:   0          SH:  0    Dex: 13      Spells: 0/0 levels left

rFire   . . .      SeeInvis .   a - +1 spear
rCold   . . .      Faith    .   (no shield)
rNeg    . . .      Spirit   .   b - +0 leather armour
rPois   .          Reflect  .   (no helmet)
rElec   .          Harm     .   (no cloak)
rCorr   .          Rampage  .   (no gloves)
Will    .....                   (no boots)
Stlth   +.........              (no amulet)
HPRegen 0.06/turn               (no ring)
MPRegen 0.08/turn               (no ring)

@: no status effects
A: no striking features
a: Renounce Religion, Depart the Abyss


You were on level 5 of the Abyss.
You worshipped Lugonu.
Lugonu was aware of your devotion.
You visited 0 branches of the dungeon, and saw 0 of its levels.
You visited the Abyss 1 time.

Inventory:

Hand Weapons
 a - a +1 spear (weapon)
Armour
 b - a +0 leather armour (worn)


   Skills:
 + Level 3.0 Fighting
 + Level 1.7 Polearms
 + Level 1.7 Armour
 + Level 0.8 Dodging
 + Level 2.4 Invocations


You couldn't memorise any spells.
You didn't know any spells.
Your spell library was empty.

Dungeon Overview and Level Annotations

Branches:
Dungeon (0/15)

Altars:


Message History

As you read the scroll labelled PUTTUSS TE AMETTANT, it crumbles to dust.
The scroll dissolves into smoke.
It was a scroll of fog.
A tentacled starspawn comes into view.
Found a long fluorescent wand.
Tentacles burst from the starspawn's body! 2 starspawn tentacles come into view.
The starspawn tentacle grabs you. The starspawn tentacle constricts you.
You escape the starspawn tentacle's grasp.
The starspawn tentacle barely misses you.
The glowing orange brain pulsates.
You are confused.
The starspawn tentacle closely misses you.
You hit the starspawn tentacle but do no damage.
The starspawn tentacle barely misses you.
The starspawn tentacle misses you. The starspawn tentacle grabs you.
The starspawn tentacle constricts you.
The starspawn tentacle loses its grip on you.
The tentacle pulls you backwards!
You bump into the stone wall.
You bump into the rock wall.
The glowing orange brain pulsates.
You feel dopey. Something feeds on your intellect!
A large abomination comes into view.
Tentacles burst from the starspawn's body! 2 starspawn tentacles come into view.
You feel less confused.
The glowing orange brain pulsates.
Something tries to feed on your intellect!
The starspawn tentacle barely misses you.
The glowing orange brain pulsates.
You feel dopey. Something feeds on your intellect!
The starspawn tentacle barely misses you.
The starspawn tentacle grabs you. The starspawn tentacle constricts you.
You escape the starspawn tentacle's grasp.
A large abomination comes into view.
The large abomination hits you!!!
Ouch! That really hurt!
You die...

#. #...<.# § §.
.. ##
#....#.#..##.§#
§#.. .##..
...<.....§ §§
....#####......§§
... ..#.#
#...##..#§.. .
#...###.###..
#.#... #.#..G..#
.#w#...#
#.##.########.§.
# #@.## ..# ...
#.X.# .##...#.
##.#.# ###.
.#...# . #### #.
.. ..


You could see a glowing orange brain and a large abomination.

Vanquished Creatures (others)
  4 starspawn tentacles (Abyss:5)
4 creatures vanquished.

Notes
Turn   | Place    | Note
-------+----------+-------------------------------------------
     0 | Abyss:1  | meatgazer the Demonspawn Abyssal Knight began the quest for
                  | the Orb.
     0 | Abyss:1  | Reached XP level 1. HP: 18/18 MP: 2/2
    46 | Abyss:2  | Noticed a large abomination
    46 | Abyss:2  | Noticed a small abomination
    49 | Abyss:2  | Noticed a ynoxinul
    81 | Abyss:5  | Entered Level 5 of the Abyss
    88 | Abyss:5  | Noticed a glowing orange brain
   102 | Abyss:5  | Noticed a tentacled starspawn
   113 | Abyss:5  | Noticed a large abomination
   117 | Abyss:5  | Noticed a large abomination
   119 | Abyss:5  | Annihilated by a large abomination

Illustrated notes

Levels and vault maps discovered:
Abyss:5:  base: Temple, minivault_4, nicolae_abyss_rune_star_stuff

Action                   || total
-------------------------++-------
Melee: Spear             ||     1
  Use: Scroll            ||     2
Dodge: Dodged            ||     7

Table legend: (Time is in decaauts)
 A = Elapsed time spent in this place.
 B = Non-inter-level travel time spent in this place.
 C = Inter-level travel time spent in this place.
 D = Time resting spent in this place.
 E = Time spent auto-exploring this place.
 F = Levels seen in this place.
 G = Mean time per level.
                   A        B        C        D        E       F      G
               +--------+--------+--------+--------+--------+-----+--------+
         Total |    118 |    118 |      0 |      0 |     41 |   5 |   23.6 |
         Abyss |    118 |    118 |      0 |      0 |     41 |   5 |   23.6 |
               +--------+--------+--------+--------+--------+-----+--------+

Top non-repeatable levels by time:
 Abyss:2: 40 daAuts
 Abyss:5: 37 daAuts
 Abyss:3: 16 daAuts
 Abyss:4: 11 daAuts
 Abyss:1: 11 daAuts
